 Dungeon Crawl Stone Soup version 0.31.0-12-g77e489cdc1 (webtiles) character file.

Game seed: 6383611690973693412

124700 Sfera the Martial Artist (level 16, -15/129 HPs)
             Began as a Demonspawn Brigand on Feb 23, 2024.
             Was a High Priest of Cheibriados.
             Demolished by an orc warrior
             ... wielding a +2 heavy dire flail
             ... led by an orc knight
              (34 damage)
             ... on level 2 of the Orcish Mines.
             The game lasted 00:42:59 (28726 turns).

Sfera the Martial Artist (Demonspawn Brigand)      Turns: 28726, Time: 00:42:59

Health: -15/129    AC: 23    Str: 24    XL:     16   Next: 39%
Magic:  16/23      EV: 21    Int: 30    God:    Cheibriados [*****.]
Gold:   696        SH: 15    Dex: 30    Spells: 11/15 levels left

rFire   + .          .
                       - Unarmed
rCold   + + .        S - +3 buckler {rC+}
rNeg    + + .        E - +5 ring mail "Obyixud" {rPois rC+ rN++ Will+}
rPois   +            X - +0 helmet
rElec   .            c - +0 cloak
rCorr   .            (gloves unavailable)
SInv    .            B - +2 pair of boots {Fly}
Will    ++...        Y - amulet of reflection
Stlth   ++++         F - ring of protection from fire
HPRegen 0.41/turn    T - +4 ring of protection
MPRegen 0.18/turn

%: reflection
@: animating dead, flying, studying Armour, very slow
A: claws 3, thin skeletal structure 1, demonic guardian 2, foul stench 2
a: Renounce Religion, Bend Time, Temporal Distortion, Slouch, Step From Time


You were on level 2 of the Orcish Mines.
You worshipped Cheibriados.
Cheibriados was extremely pleased with you.
You visited 3 branches of the dungeon, and saw 22 of its levels.
You also visited: Ice Cave and Volcano.

You collected 1864 gold pieces.
You spent 1168 gold pieces at shops.


Innate Abilities, Weirdness & Mutations

You have claws for hands.
You have a somewhat thin skeletal structure. (Dex +2, Stealth+)
A demonic guardian rushes to your aid.
You sometimes emit foul miasma when damaged in melee.


   Skills:
 - Level 12.8 Fighting
 - Level 2.3 Short Blades
 - Level 1.7 Throwing
 - Level 13.0 Armour
 - Level 10.0 Dodging
 - Level 6.0 Stealth
 - Level 5.0 Shields
 - Level 14.0 Unarmed Combat
 + Level 13.1 Necromancy
 - Level 10.0 Invocations


You had 11 spell levels left.
You knew the following spells:

 Your Spells              Type           Power      Damage    Failure   Level
a - Animate Dead          Necr           68%        N/A       1%          4

Your spell library contained the following spells:

 Spells                   Type           Power      Damage    Failure   Level
 Necrotise                Necr           100%       1d9       1%          1
 Vampiric Draining        Necr           68%        2d10      1%          3
 Curse of Agony           Necr           68%        N/A       1%          5
 Martyr's Knell           Necr/Summ      39%        N/A       11%         4
 Apportation              Tloc           0%         N/A       16%         1
 Sandblast                Erth           0%         2d4       16%         1
 Slow                     Hex            0%         N/A       16%         1
 Sting                    Conj/Alch      0%         1d3       16%         1
 Summon Small Mammal      Summ           0%         N/A       16%         1
 Ensorcelled Hibernation  Hex/Ice        0%         N/A       24%         2
 Scorch                   Fire           0%         2d5       24%         2
 Call Canine Familiar     Summ           0%         N/A       43%         3
 Gell's Gravitas          Tloc           0%         N/A       43%         3
 Hailstorm                Conj/Ice       0%         3d5       43%         3
 Passwall                 Erth           0%         N/A       43%         3
 Stone Arrow              Conj/Erth      0%         3d7       43%         3
 Swiftness                Air            0%         N/A       43%         3
 Teleport Other           Tloc           0%         N/A       43%         3
 Animate Armour           Summ/Erth      0%         N/A       85%         4
 Brom's Barrelling Bould  Conj/Erth      0%         2d3       85%         4
 Dimensional Bullseye     Hex/Tloc       0%         N/A       85%         4
 Flame Wave               Conj/Fire      0%         2d4       85%         4
 Summon Blazeheart Golem  Fire/Summ      0%         N/A       85%         4
 Vhi's Electric Charge    Tloc/Air       0%         N/A       85%         4
 Arcjolt                  Conj/Air       0%         1d10      99%         5
 Metabolic Englaciation   Hex/Ice        0%         N/A       99%         5
 Infestation              Necr           34%        N/A       99%         8
 Dispersal                Tloc           0%         N/A       100%        6
 Plasma Beam              Fire/Air       0%         2x1d10    100%        6
 Summon Cactus Giant      Summ           0%         N/A       100%        6
 Enfeeble                 Hex            0%         N/A       100%        7
 Haunt                    Necr/Summ      19%        N/A       100%        7
 Lehudib's Crystal Spear  Conj/Erth      0%         10d2      100%        8

Inventory:

Hand Weapons
 m - a +0 trident
Missiles
 d - 69 poisoned darts
 e - 5 curare-tipped darts (quivered) {=f}
 i - 4 throwing nets {=f}
 y - 6 atropa-tipped darts
Armour
 c - a +0 cloak (worn)
 B - a +2 pair of boots of flying (worn)
 E - the +5 ring mail "Obyixud" (worn) {rPois rC+ rN++ Will+}
   (You found it on level 2 of the Dungeon)

   rC+:       It protects you from cold.
   rPois:     It protects you from poison rN++: It greatly protects you from
   negative energy.
   Will+:     It increases your willpower.
 S - a +3 buckler of cold resistance (worn)
 X - a +0 helmet (worn)
Jewellery
 w - the ring "Fuaffil" {Wiz rCorr Dex+3}
   (You found it on level 13 of the Dungeon)

   [ring of wizardry]

   Wiz:       It improves your spell success rate.
   Dex+3:     It affects your dexterity (+3).
   rCorr:     It protects you from acid and corrosion.
 F - a ring of protection from fire (left claw)
 N - a ring of positive energy
 T - a +4 ring of protection (right claw)
 Y - an amulet of reflection (around neck)
 Z - a ring of wizardry
Talismans
 C - a flux talisman
Wands
 D - a wand of digging (12)
 H - a wand of roots (11)
 I - a wand of light (11)
 J - a wand of paralysis (4)
 L - a wand of flame (25)
 Q - a wand of polymorph (7)
Scrolls
 b - a scroll of amnesia
 f - 3 scrolls of poison
 h - 5 scrolls of vulnerability
 k - 3 scrolls of teleportation {@r2}
 n - 3 scrolls of fog
 o - 3 scrolls of revelation
 q - 2 scrolls of fear
 x - a scroll of noise
 A - 5 scrolls of enchant armour
 K - 7 scrolls of identify {@r1}
 O - a scroll of torment
Potions
 a - 4 potions of resistance
 g - 5 potions of brilliance
 j - 4 potions of mutation
 l - 5 potions of ambrosia
 p - 3 potions of might
 r - 6 potions of curing {@q1}
 s - 2 potions of magic
 t - 4 potions of enlightenment
 v - 2 potions of lignification
 z - 2 potions of invisibility
 G - 4 potions of heal wounds {@q2}
 P - 2 potions of attraction
 U - a potion of cancellation
Miscellaneous
 V - a phantom mirror

Dungeon Overview and Level Annotations

Branches:
Dungeon (15/15)            Temple (0/1) D:7            Lair (5/5) D:8
 Shoals (0/4) Lair:3       Spider (0/4) Lair:3        Slime (0/5) Lair:5
    Orc (2/2) D:11            Elf (0/3) Orc:2        Vaults (0/5) D:14
 Depths (0/4) D:15          IceCv (visited)         Volcano (visited)

Altars:
Ashenzari
Cheibriados
Fedhas
Kikubaaqudgha
Okawaru
Vehumet
Xom
Jiyva

Shops:
D:4 [   D:11 ?   D:13 =??*:   D:14 !

Annotations:
D:6 1 runed translucent door
D:14 3 runed translucent doors

..........oo.....
.........o........
.........o........
...........o#....
........Zo...#...
..#......3o...#
...#.....Zo#.## .
##.....Z3o##
#......ZZo@#
##...#.##3oo4#
##....####Z))Z...
#.....# ##.#.##...
##..ZZ## #.### ...
#...ยง..# ... .#
##.#...# #.# # #
#ZZ.# #####
#...###.## ###


You could see an orc knight (ally target), a soul eater (summoned), a sun demon
(summoned), an orc sorcerer (strong), 3 orc warriors, an orc priest, an orc
(strong), a friendly soul eater (summoned), a friendly hellwing (summoned), 3
friendly orc zombies, 2 friendly orc priest zombies and 2 friendly orc wizard
zombies.


Message History

The orc knight hits you with a +0 long sword of protection.
* * * LOW HITPOINT WARNING * * *
Your hellwing hits the orc knight.
Your hellwing hits the orc knight but does no damage.
Your orc zombie misses the orc warrior.
You block the orc warrior's attack.
Your orc warrior zombie hits the orc warrior but does no damage.
Your orc wizard zombie hits the orc knight but does no damage.
You catch the helpless orc knight completely off-guard!
You scratch the orc knight.
The orc knight is almost dead.
The orc warrior no longer looks unusually strong.
You block the orc warrior's attack.
The orc warrior barely misses your orc zombie.
You block the orc warrior's attack.
The orc warrior hits your orc wizard zombie with a +0 battleaxe!
The orc warrior hits your orc warrior zombie with a +0 battleaxe!
Your orc warrior zombie is destroyed!
The orc sorcerer mumbles some strange words.
The orc knight hits you with a +0 long sword of protection!
* * * LOW HITPOINT WARNING * * *
A demonic guardian appears!
Your hellwing hits the orc knight!
Your hellwing closely misses the orc knight.
Your orc priest zombie closely misses the orc priest.
Your orc zombie misses the orc warrior.
The orc warrior shouts!
You barely miss the orc knight.
The orc knight is almost dead.
Your orc wizard zombie hits the orc warrior but does no damage.
The orc warrior hits you with a +2 heavy dire flail!!
You die...

Skill      XL: |  1  2  3  4  5  6  7  8  9 10 11 12 13 14 15 16 |
---------------+-------------------------------------------------+-----
Fighting       | 3 4 5 7 8 9 11 12 | 12.8
Short Blades   | 2 |  2.3
Unarmed Combat | 2 3 5 6 8 10 12 14 | 14.0
Invocations    | 2 3 4 7 9 10 | 10.0
Stealth        | 6 |  6.0
Dodging        | 4 8 10 | 10.0
Necromancy     | 7 10 11 12 13 | 13.1
Armour         | 10 13 | 13.0
Shields        | 4 5 |  5.0
Throwing       | |  1.7

Action                     |  1- 3 |  4- 6 |  7- 9 | 10-12 | 13-15 | 16-18 || total
---------------------------+-------+-------+-------+-------+-------+-------++-------
  Melee: Dagger            |   158 |   162 |       |       |       |       ||   320
         Punch             |     3 |     7 |    20 |    48 |   100 |       ||   178
         Unarmed           |       |    93 |   301 |   562 |   799 |   274 ||  2029
  Throw: Dart              |       |    15 |     6 |     4 |     5 |       ||    30
   Cast: Animate Dead      |       |       |       |       |     6 |     3 ||     9
 Invoke: Slouch            |       |       |       |       |     2 |     3 ||     5
  Evoke: Wand              |       |       |       |     2 |     1 |       ||     3
    Use: Scroll            |       |     2 |     5 |    18 |    10 |       ||    35
         Potion            |       |     2 |       |     1 |     4 |       ||     7
   Stab: Sleeping          |     4 |     5 |     3 |    20 |    14 |     8 ||    54
         Distracted        |     1 |     1 |       |     5 |     4 |     4 ||    15
         Paralysed         |       |       |       |     2 |       |       ||     2
 Armour: Robe              |    30 |       |       |       |       |       ||    30
         Ring mail         |    84 |   170 |   233 |   492 |   460 |   106 ||  1545
         Skin              |       |       |       |       |    16 |       ||    16
  Dodge: Dodged            |    86 |   149 |   157 |   415 |   912 |   173 ||  1892
  Block: Buckler           |       |       |       |       |    45 |   213 ||   258
         Reflection        |       |       |       |       |       |    10 ||    10

Levels and vault maps discovered:
D:1:      dpeg_arrival_central, layout_loops_ring,
          dreamdust_ecumenical_altar_statues
D:2:      layout_rooms
D:3:      layout_loops_ring, minitemple, fountainhead
D:4:      layout_basic, serial_shops, shop
D:5:      layout_basic, sigmund_edmund_badplayer
D:6:      layout_loops_ring, ebering_ghost_sewer_f,
          nicolae_ossuary_entry_monument
D:7:      layout_cave_pools, minmay_temple_entry_poolview
D:8:      layout_basic, minmay_lair_entry_grove, enter_bailey_5,
          dreamdust_gnoll_shepherd
D:9:      layout_grid_maze, gammafunk_ghost_split, uniq_harold
D:10:     layout_irregular_city, grunt_ashenzari_visionary
          [grunt_ashenzari_visionary_shoals, grunt_ashenzari_visionary_spider],
          nicolae_where_there's_smoke
D:11:     layout_basic, orc_0_dummy, serial_shops, shop,
          kiku_gazebo_pond_becter, uniq_grum
D:12:     layout_loops_ring, kennysheep_generic_room_8, uniq_sonja
D:13:     layout_loops_ring, serial_shops, shop, shop, shop,
          nicolae_shop_temple_entry_statues_fountains, shop,
          minmay_misc_feat_chi, roderic_lattice_a, kennysheep_island_fort
D:14:     layout_rooms, david_vaults_1, serial_shops, shop,
          ashenzari_conservatory_becter,
          ploomutoo_gammafunk_ghost_potion_laboratory, minmay_strange_pillars
D:15:     grunt_enter_depths_snipers, layout_stronghold,
          chequers_serial_rivers_small_3, dreamdust_wasp_nest
Lair:1:   layout_regular_city, nicolae_volcano_entry_s_turn
Lair:2:   layout_regular_city, wad_woods_02, infiniplex_staircase_pool,
          lemuel_fruit_tree
Lair:3:   layout_cave_pods, minmay_shoals_entry_centaurs,
          spider_nest_entry_webs, hangedman_tree_tricks,
          nicolae_quartered_pool_medium, serial_bayou_shore_b,
          lemuel_fruit_fields, uniq_kirke
Lair:4:   layout_small_grid, portal_ice_cave_entry_imps, serial_bayou_shore_b
Lair:5:   minmay_lair_end_frog_pond, layout_cave_shapes, slime_entry_2,
          special_room [special_room_mythical_zoo]
Orc:1:    layout_diamond_mine
Orc:2:    grunt_orc_tribal_feast, layout_caves

Notes
Turn   | Place    | Note
-------+----------+-------------------------------------------
     0 | D:1      | Sfera the Demonspawn Brigand began the quest for the Orb.
     0 | D:1      | Reached XP level 1. HP: 16/16 MP: 1/1
    74 | D:1      | Gained mutation: You may rarely emit foul miasma when
                  | damaged in melee. [demonic ancestry]
    74 | D:1      | Reached XP level 2. HP: 17/23 MP: 2/2
   238 | D:1      | Reached skill level 3 in Fighting
   484 | D:1      | Found a faded altar of an unknown god.
   594 | D:1      | Gained mutation: A weak demonic guardian rushes to your
                  | aid. [demonic ancestry]
   594 | D:1      | Reached XP level 3. HP: 27/29 MP: 3/3
   614 | D:1      | You fall into a shaft and drop 1 floor!
   628 | D:2      | Identified the +5 ring mail "Obyixud" {rPois rC+ rN++
                  | Will+}
  1079 | D:2      | Reached skill level 4 in Fighting
  1164 | D:2      | Reached skill level 2 in Short Blades
  1293 | D:2      | Gained mutation: You have sharp fingernails. [demonic
                  | ancestry]
  1293 | D:2      | Reached XP level 4. HP: 37/37 MP: 4/4
  1762 | D:3      | Reached skill level 1 in Unarmed Combat
  2233 | D:3      | Found a shimmering altar of Xom.
  2238 | D:3      | Found an iron altar of Okawaru.
  2240 | D:3      | Found a radiant altar of Vehumet.
  2244 | D:3      | Found a snail-covered altar of Cheibriados.
  2245 | D:3      | Found a blossoming altar of Fedhas.
  2252 | D:3      | Became a worshipper of Cheibriados the Contemplative
  2329 | D:4      | Found Vewiofucw's Antique Armour Emporium.
  2336 | D:4      | Noticed a scorpion
  2350 | D:4      | Killed a scorpion
  2351 | D:4      | Reached skill level 2 in Unarmed Combat
  2351 | D:4      | Reached skill level 2 in Invocations
  2351 | D:4      | Reached XP level 5. HP: 42/42 MP: 4/6
  2533 | D:4      | Reached * piety under Cheibriados
  2547 | D:4      | Reached skill level 3 in Invocations
  2773 | D:4      | Reached skill level 3 in Unarmed Combat
  2841 | D:4      | Noticed a black bear
  2852 | D:4      | Killed a black bear
  2853 | D:4      | Reached XP level 6. HP: 28/48 MP: 8/8
  3140 | D:5      | Entered Level 5 of the Dungeon
  3149 | D:5      | Reached skill level 4 in Unarmed Combat
  3205 | D:5      | Reached ** piety under Cheibriados
  3206 | D:5      | Noticed Edmund
  3207 | D:5      | Noticed Sigmund
  3274 | D:5      | HP: 3/48 [Edmund/+1 flail of protection (8)]
  3287 | D:5      | Killed Edmund
  3288 | D:5      | Reached skill level 5 in Unarmed Combat
  3288 | D:5      | Gained mutation: You sometimes emit foul miasma when
                  | damaged in melee. [demonic ancestry]
  3288 | D:5      | Reached XP level 7. HP: 20/54 MP: 9/9
  3464 | D:5      | Reached skill level 4 in Invocations
  3563 | D:6      | Reached skill level 5 in Fighting
  3815 | D:6      | Reached skill level 6 in Unarmed Combat
  4155 | D:5      | Gained mutation: A demonic guardian rushes to your aid.
                  | [demonic ancestry]
  4155 | D:5      | Reached XP level 8. HP: 60/63 MP: 11/11
  4176 | D:5      | Killed Sigmund
  4177 | D:5      | Reached skill level 6 in Fighting
  4291 | D:5      | Reached *** piety under Cheibriados
  4998 | D:6      | Found a runed translucent door.
  5003 | D:6      | Noticed yogurtking's ghost (novice HOFi)
  5024 | D:6      | Reached skill level 7 in Fighting
  5100 | D:6      | Reached skill level 7 in Unarmed Combat
  5243 | D:6      | Found a runed translucent door.
  5301 | D:6      | Killed yogurtking's ghost
  5302 | D:6      | Reached skill level 8 in Unarmed Combat
  5302 | D:6      | Reached XP level 9. HP: 51/72 MP: 12/12
  5376 | D:6      | Identified a potion of resistance
  5448 | D:7      | Reached skill level 9 in Unarmed Combat
  5505 | D:7      | Reached **** piety under Cheibriados
  5834 | D:7      | Reached skill level 10 in Unarmed Combat
  5950 | D:7      | Reached skill level 5 in Invocations
  6151 | D:7      | Found a staircase to the Ecumenical Temple.
  6210 | D:8      | Reached skill level 7 in Invocations
  6435 | D:8      | Noticed a two-headed ogre
  6442 | D:8      | Killed a two-headed ogre
  6443 | D:8      | Reached skill level 8 in Fighting
  6443 | D:8      | Gained mutation: You have a somewhat thin skeletal
                  | structure. (Dex +2, Stealth+) [demonic ancestry]
  6443 | D:8      | Reached XP level 10. HP: 49/82 MP: 15/15
  6719 | D:8      | Reached ***** piety under Cheibriados
  6720 | D:8      | Reached skill level 9 in Fighting
  7183 | D:8      | Found a staircase to the Lair.
  7215 | D:8      | Reached skill level 11 in Unarmed Combat
  7861 | D:9      | Noticed Harold
  7872 | D:9      | Killed Harold
  7873 | D:9      | Reached skill level 12 in Unarmed Combat
  8183 | D:9      | Reached XP level 11. HP: 41/89 MP: 16/16
  8343 | D:9      | Noticed a tengu warrior
  8345 | D:9      | Noticed Scrunko's ghost (novice DsBe)
  8532 | D:9      | Reached skill level 4 in Stealth
  8659 | D:9      | Found a runed translucent gate.
  8660 | D:9      | Found a runed translucent gate.
  8669 | D:9      | Found a runed translucent gate.
  8930 | D:9      | Reached skill level 10 in Fighting
  9095 | D:9      | Noticed a centaur warrior
  9101 | D:9      | Killed a centaur warrior
  9102 | D:9      | Reached skill level 5 in Stealth
  9177 | D:9      | Reached ****** piety under Cheibriados
  9654 | D:10     | Entered Level 10 of the Dungeon
  9933 | D:10     | Found a broken altar of Ashenzari.
  9938 | D:10     | Saw a vision of the Shoals and the Spider Nest.
  9938 | D:10     | Noticed a sea snake
  9938 | D:10     | Noticed a sea snake
  9938 | D:10     | Noticed a sun moth
  9938 | D:10     | Noticed a radroach
  9938 | D:10     | Noticed a wolf spider
  9938 | D:10     | Noticed a skyshark
  9938 | D:10     | Noticed a skyshark
  9938 | D:10     | Noticed a demonic crawler
  9938 | D:10     | Noticed a merfolk aquamancer
  9939 | D:10     | Noticed a wolf spider
  9940 | D:10     | Noticed a sea snake
  9958 | D:10     | Reached skill level 6 in Stealth
  9967 | D:10     | Reached skill level 11 in Fighting
 10103 | D:10     | Noticed a two-headed ogre
 10122 | D:10     | Killed a two-headed ogre
 10123 | D:10     | Reached skill level 1 in Dodging
 10440 | D:10     | Reached skill level 2 in Dodging
 11003 | D:11     | Reached skill level 8 in Invocations
 11116 | D:11     | Found a staircase to the Orcish Mines.
 11133 | D:11     | Found an ancient bone altar of Kikubaaqudgha.
 11137 | D:11     | Reached skill level 3 in Dodging
 11439 | D:11     | Found Oquqora's Magic Scroll Shoppe.
 11492 | D:11     | Noticed a two-headed ogre
 11503 | D:11     | Killed a two-headed ogre
 11504 | D:11     | Reached skill level 4 in Dodging
 11504 | D:11     | Reached skill level 9 in Invocations
 11516 | D:11     | Noticed Grum
 11521 | D:11     | Killed Grum
 11526 | D:11     | HP: 8/93 [wolf[Grum] (9)]
 11528 | D:11     | Reached XP level 12. HP: 9/100 MP: 19/19
 11887 | D:11     | Noticed a centaur warrior
 11897 | D:11     | Killed a centaur warrior
 12028 | D:11     | Learned a level 4 spell: Animate Dead
 12106 | D:12     | Noticed Sonja
 12123 | D:12     | Reached skill level 1 in Necromancy
 12123 | D:12     | Reached skill level 10 in Invocations
 12129 | D:12     | Reached skill level 5 in Dodging
 12157 | D:12     | Killed Sonja
 12158 | D:12     | Reached skill level 2 in Necromancy
 12163 | D:12     | Reached skill level 3 in Necromancy
 12691 | D:12     | Noticed a boulder beetle
 12721 | D:12     | Killed a boulder beetle
 12722 | D:12     | Reached skill level 6 in Dodging
 12722 | D:12     | Reached skill level 4 in Necromancy
 13106 | D:12     | Reached skill level 5 in Necromancy
 13214 | D:12     | Noticed a centaur warrior
 13224 | D:12     | Killed a centaur warrior
 13525 | Lair:1   | Entered Level 1 of the Lair of Beasts
 13593 | Lair:1   | Found a dark tunnel.
 13600 | Volcano  | Entered a volcano
 13635 | Volcano  | Reached skill level 7 in Dodging
 13815 | Volcano  | Reached skill level 6 in Necromancy
 14400 | Lair:1   | Reached skill level 7 in Necromancy
 15150 | Lair:2   | Reached skill level 8 in Dodging
 15151 | Lair:2   | Identified the orb "Nosyp" {*Rage, Harm Will+ Str+4}
 15638 | Lair:2   | Gained mutation: You have very sharp fingernails. [demonic
                  | ancestry]
 15638 | Lair:2   | Reached XP level 13. HP: 79/106 MP: 20/20
 15650 | Lair:2   | Reached skill level 8 in Necromancy
 16663 | Lair:3   | Found a hole to the Spider Nest.
 16915 | Lair:3   | Reached skill level 9 in Dodging
 16952 | Lair:3   | Found a blossoming altar of Fedhas.
 16961 | Lair:3   | Reached skill level 9 in Necromancy
 17216 | Lair:3   | Found a staircase to the Shoals.
 17308 | Lair:3   | Noticed Kirke
 17329 | Lair:3   | Noticed a sphinx
 17567 | Lair:3   | Killed Kirke
 18112 | Lair:4   | Reached skill level 10 in Necromancy
 18184 | Lair:4   | Found a frozen archway.
 18231 | IceCv    | Entered an ice cave
 18241 | IceCv    | Reached skill level 10 in Dodging
 18745 | IceCv    | Identified a potion of experience
 18748 | IceCv    | Reached skill level 12 in Fighting
 18748 | IceCv    | Gained mutation: You have claws for hands. [demonic
                  | ancestry]
 18748 | IceCv    | Reached XP level 14. HP: 116/116 MP: 21/21
 19015 | IceCv    | Noticed a frost giant
 19041 | IceCv    | Killed a frost giant
 19042 | IceCv    | Reached skill level 11 in Necromancy
 20330 | Lair:5   | Entered Level 5 of the Lair of Beasts
 20555 | Lair:5   | Reached XP level 15. HP: 116/122 MP: 22/22
 20580 | Lair:5   | Reached skill level 1 in Armour
 20595 | Lair:5   | Reached skill level 13 in Unarmed Combat
 20626 | Lair:5   | Found a viscous altar of Jiyva.
 20639 | Lair:5   | Reached skill level 2 in Armour
 20665 | Lair:5   | HP: 7/122 [skyshark (19)]
 21017 | Lair:5   | Identified the +4 quarterstaff of Qantox {pain, ^Fragile
                  | Str+3 SInv Stlth+}
 21186 | Lair:5   | Reached skill level 12 in Necromancy
 21203 | Lair:5   | Reached skill level 3 in Armour
 21574 | Lair:5   | Reached skill level 4 in Armour
 21826 | Lair:5   | Got Vuong's Anthology of Hexing and Freezing
 21827 | Lair:5   | Identified the +7 orcbow of Wrath {speed, Stlth+}
 21982 | Lair:5   | Found a staircase to the Slime Pits.
 22419 | D:9      | Reached skill level 5 in Armour
 22431 | D:9      | Killed Scrunko's ghost
 22895 | D:13     | Reached skill level 14 in Unarmed Combat
 22914 | D:13     | Identified the ring "Fuaffil" {Wiz rCorr Dex+3}
 23130 | D:13     | Found Emaux's Magic Scroll Boutique.
 23148 | D:13     | Found Fiuxketz's Jewellery Shoppe.
 23285 | D:11     | Bought a scroll of acquirement for 936 gold pieces
 23285 | D:11     | Acquired a manual of Armour
 23340 | D:13     | Found Rebbar's Book Boutique.
 23363 | D:13     | Found Vosk's Assorted Antiques.
 23370 | D:13     | Bought a pair of glowing boots for 232 gold pieces
 23432 | D:13     | Found Inocysas's Magic Scroll Shop.
 23444 | D:13     | Reached skill level 6 in Armour
 23669 | D:13     | Reached skill level 7 in Armour
 24026 | D:14     | Found a broken altar of Ashenzari.
 24048 | D:14     | Reached skill level 1 in Shields
 24152 | D:14     | Reached skill level 2 in Shields
 24154 | D:14     | Reached skill level 8 in Armour
 24373 | D:14     | Found a runed translucent gate.
 24373 | D:14     | Found a runed translucent gate.
 24373 | D:14     | Found a runed translucent gate.
 24494 | D:14     | Found Onowk's Distillery.
 24499 | D:14     | Reached skill level 3 in Shields
 24733 | D:14     | Reached skill level 9 in Armour
 25001 | D:14     | Found a gate to the Vaults.
 25006 | D:14     | Reached skill level 4 in Shields
 25486 | D:15     | Entered Level 15 of the Dungeon
 25761 | D:15     | Reached skill level 10 in Armour
 25787 | D:15     | Reached XP level 16. HP: 99/129 MP: 23/23
 25934 | D:15     | Found a staircase to the Depths.
 25944 | D:15     | Reached skill level 5 in Shields
 26102 | D:15     | Reached skill level 11 in Armour
 27068 | D:15     | Reached skill level 12 in Armour
 27517 | Orc:1    | Entered Level 1 of the Orcish Mines
 27960 | Orc:2    | Entered Level 2 of the Orcish Mines
 27987 | Orc:2    | Found a staircase to the Elven Halls.
 28196 | Orc:2    | Reached skill level 13 in Armour
 28196 | Orc:2    | Reached skill level 13 in Necromancy
 28726 | Orc:2    | Demolished by an orc warrior

Vanquished Creatures
  Kirke (Lair:3)
  2 frost giants
  8 boulder beetles
  Harold (D:9)
  6 centaur warriors
  5 tengu warriors
  5 hydras
  A deep troll earth mage (D:13)
  4 two-headed ogres
  The ghost of Scrunko the Cleaver, a novice DsBe of Trog (D:9)
  4 death yaks (IceCv)
  Sonja (D:12)
  An orc high priest (Orc:2)
  A skyshark (Lair:5)
  A goliath frog (Lair:5)
  5 orc knights
  4 deep elf pyromancers
  A necromancer (D:14)
  2 oklob plants (Lair:3)
  5 orc sorcerers
  18 ugly things
  4 cyclopes
  3 meliai (D:14)
  3 manticores
  An ice statue (IceCv)
  2 black mambas (Lair:4)
  A rust devil (D:10)
  4 kobold blastminers
  4 elephants (Lair:2)
  5 gargoyles
  10 cane toads
  8 rime drakes
  2 smoke demons
  2 unseen horrors (D:11)
  4 komodo dragons
  2 efreet (D:15)
  A freezing wraith (D:15)
  A tengu conjurer (D:15)
  4 red devils
  10 trolls
  A hellwing (D:10)
  6 hornets
  5 polar bears
  2 tyrant leeches (Lair:5)
  15 blink frogs
  2 dream sheep (D:8)
  Sigmund (D:5)
  2 centaur simulacra
  3 spriggans (Lair:2)
  3 slime creatures (D:14)
  A shadow (D:12)
  3 wraiths
  2 vampires
  54 yaks
  15 wyverns
  2 redbacks (Lair:3)
  6 hogs (Lair:3)
  Grum (D:11)
  2 fire elementals (D:13)
  6 vampire mosquitoes
  A steam dragon (D:6)
  4 wargs
  Edmund (D:5)
  An acid dragon (D:10)
  A water moccasin (shapeshifter) (D:15)
  A hell hound (Volcano)
  14 water moccasins
  13 orc warriors
  5 sky beasts
  3 black bears
  2 orc zombies (Orc:2)
  2 ice beasts (D:8)
  A black bear (shapeshifter) (D:15)
  3 ogres
  18 wolves
  12 centaurs
  2 phantoms
  2 kobold brigands
  13 bullfrogs
  A gnoll sergeant (D:9)
  2 scorpions
  10 killer bees
  An electric eel (Lair:2)
  5 howler monkeys
  4 hounds
  4 jellies
  A bombardier beetle (D:5)
  4 gnoll boudas
  10 orc priests
  6 iguanas
  13 orc wizards
  11 hell rats
  16 gnolls
  9 adders
  13 white imps
  2 ribbon worms
  A dart slug (D:1)
  45 orcs
  10 ball pythons
  8 endoplasms
  7 giant cockroaches
  13 goblins
  6 hobgoblins
  14 jackals
  19 kobolds
  3 quokkas
  7 bats
  3 frilled lizards
  4 rats
631 creatures vanquished.

Vanquished Creatures (collateral kills)
  A hydra (Lair:5)
  A two-headed ogre (D:10)
  3 death yaks (IceCv)
  2 orc high priests (Orc:2)
  A skyshark (Lair:3)
  The ghost of yogurtking the Cleaver, a novice HOFi of Hepliaklqana (D:6)
  An orc knight (Orc:2)
  2 elephants (Lair:2)
  5 cane toads (Lair:5)
  A rime drake (IceCv)
  A hornet (D:15)
  A tyrant leech (Lair:5)
  A blink frog (Lair:5)
  6 yaks
  A wyvern (Lair:5)
  A redback (Lair:3)
  An orc warrior (Orc:2)
  4 wolves
  2 bullfrogs
  3 orc wizards (Orc:2)
  An adder (D:6)
  2 dart slugs (D:4)
  6 orcs
48 creatures vanquished.

Vanquished Creatures (others)
  A redback zombie (Lair:3)
  A cane toad zombie (Lair:5)
  A hell rat zombie (Lair:5)
  10 orc zombies (Orc:2)
13 creatures vanquished.

Grand Total: 692 creatures vanquished

Table legend: (Time is in decaauts)
 A = Elapsed time spent in this place.
 B = Non-inter-level travel time spent in this place.
 C = Inter-level travel time spent in this place.
 D = Time resting spent in this place.
 E = Time spent auto-exploring this place.
 F = Levels seen in this place.
 G = Mean time per level.
                   A        B        C        D        E       F      G
               +--------+--------+--------+--------+--------+-----+--------+
         Total |  39902 |  36700 |   3202 |   6400 |  24465 |  24 | 1662.6 |
       Dungeon |  24835 |  22779 |   2056 |   3724 |  15458 |  15 | 1655.7 |
          Lair |  11065 |   9987 |   1078 |   1622 |   6947 |   5 | 2213.0 |
  Orcish Mines |   1676 |   1609 |     67 |    357 |    888 |   2 |  838.0 |
      Ice Cave |   1735 |   1735 |      0 |    667 |    681 |   1 | 1735.0 |
       Volcano |    590 |    590 |      0 |     29 |    490 |   1 |  590.0 |
               +--------+--------+--------+--------+--------+-----+--------+

Top non-repeatable levels by time:
     D:9: 3112 daAuts
  Lair:4: 2870 daAuts
  Lair:2: 2447 daAuts
    D:12: 2418 daAuts
     D:8: 2370 daAuts
  Lair:3: 2232 daAuts
    D:10: 2077 daAuts
    D:15: 2032 daAuts
    D:14: 1980 daAuts
  Lair:1: 1969 daAuts
    D:13: 1864 daAuts
    D:11: 1800 daAuts
   IceCv: 1735 daAuts
  Lair:5: 1545 daAuts
     D:5: 1463 daAuts

Table legend:
 A = Non-vault XP
 B = Vault XP
 C = Vault XP percentage of total XP
 D = Non-vault monster count
 E = Vault monster count
 F = Vault count percentage of total count
                 A         B        C        D         E       F
            +---------+---------+-------+---------+---------+-------
      Total |   81624 |   61934 |  43.1 |     464 |     213 |  31.5
            +---------+---------+-------+---------+---------+-------
        D:1 |      42 |       0 |   0.0 |      25 |       0 |   0.0
        D:2 |      58 |       0 |   0.0 |      18 |       0 |   0.0
        D:3 |      49 |       0 |   0.0 |      21 |       0 |   0.0
        D:4 |     351 |       0 |   0.0 |      23 |       0 |   0.0
        D:5 |     625 |     397 |  38.8 |      28 |       2 |   6.7
        D:6 |     831 |     945 |  53.2 |      15 |       6 |  28.6
        D:7 |    1368 |       0 |   0.0 |      19 |       0 |   0.0
        D:8 |    2143 |    2463 |  53.5 |      21 |      17 |  44.7
        D:9 |    3931 |    2832 |  41.9 |      31 |       7 |  18.4
       D:10 |    2314 |    1788 |  43.6 |      15 |       5 |  25.0
       D:11 |    4057 |     653 |  13.9 |      20 |       5 |  20.0
       D:12 |    5990 |    1641 |  21.5 |      19 |       2 |   9.5
       D:13 |    6336 |    1835 |  22.5 |      12 |       3 |  20.0
       D:14 |   13964 |    3226 |  18.8 |      29 |       6 |  17.1
       D:15 |    9153 |    4589 |  33.4 |      23 |       9 |  28.1
     Lair:1 |    2901 |       0 |   0.0 |      15 |       0 |   0.0
     Lair:2 |    7686 |     804 |   9.5 |      29 |       4 |  12.1
     Lair:3 |    2025 |    4637 |  69.6 |      13 |      15 |  53.6
     Lair:4 |    4612 |    1348 |  22.6 |      21 |      15 |  41.7
     Lair:5 |    7321 |   12127 |  62.4 |      23 |      47 |  67.1
      Orc:1 |    3565 |       0 |   0.0 |      25 |       0 |   0.0
      Orc:2 |    2302 |    7697 |  77.0 |      19 |      30 |  61.2
      IceCv |       0 |   13192 | 100.0 |       0 |      35 | 100.0
    Volcano |       0 |    1760 | 100.0 |       0 |       5 | 100.0
            +---------+---------+-------+---------+---------+-------
